 Dungeon Crawl Stone Soup version 0.26-a0-651-gb41185065b (webtiles) character file.

Game seed: 4120584950597696626

14724 Flugslaktarn the Cleaver (level 11, -6/109 HPs)
             Began as a Deep Dwarf Fighter on Oct 12, 2020.
             Was a Priest of Makhleb.
             Hit by a large rock thrown by a cyclops (11 damage)
             ... on level 13 of the Dungeon.
             The game lasted 00:05:38 (7910 turns).

Flugslaktarn the Cleaver (Deep Dwarf Fighter)       Turns: 7910, Time: 00:05:39

Health: -6/109     AC: 19    Str: 21    XL:     11   Next: 92%
Magic:  6/6        EV:  9    Int: 15    God:    Makhleb [***...]
Gold:   460        SH:  0    Dex: 14    Spells: 10/10 levels left

rFire    . . .     SeeInvis .   a - +1 war axe
rCold    . . .     Faith    .   (no shield)
rNeg     . . .     Spirit   .   p - +2 plate armour {MR+}
rPois    .         Reflect  .   h - +2 helmet (curse)
rElec    .         Harm     .   (no cloak)
rCorr    .         Rampage  .   (no gloves)
MR       ++...                  (no boots)
Stlth    ..........             u - amulet of the acrobat
HPRegen  0.00/turn              k - +6 ring of intelligence
MPRegen  0.10/turn              (no ring)

@: non-regenerating
A: damage resistance, heal wounds, sense surroundings 2, no regeneration
a: Heal Wounds, Minor Destruction, Lesser Servant of Makhleb, Renounce Religion


You were on level 13 of the Dungeon.
You worshipped Makhleb.
Makhleb was most pleased with you.
You visited 2 branches of the dungeon, and saw 14 of its levels.

You collected 460 gold pieces.

Inventory:

Hand Weapons
 a - a +1 war axe (weapon)
Armour
 h - a cursed +2 helmet (worn)
   (You found it on level 9 of the Dungeon)
 p - a +2 plate armour of magic resistance (worn)
   (You took it off an orc warrior on level 10 of the Dungeon)
Jewellery
 k - a +6 ring of intelligence (left hand)
   (You found it on level 10 of the Dungeon)
 u - an amulet of the acrobat (around neck)
   (You found it on level 6 of the Dungeon)
Scrolls
 c - 2 scrolls of amnesia
 d - 2 scrolls of enchant armour
 e - a scroll of fog
 g - a scroll of fear
 j - a scroll of vulnerability {unknown}
 l - 2 scrolls of magic mapping
 o - 2 scrolls of enchant weapon
 r - 5 scrolls of identify
 t - a scroll of teleportation
 x - 6 scrolls of remove curse
Potions
 b - a potion of magic
 f - a potion of ambrosia {unknown}
 i - 2 potions of mutation
 n - a potion of resistance
 q - a potion of curing
 w - a potion of heal wounds


   Skills:
 * Level 10.3 Fighting
 * Level 11.8 Axes
 + Level 9.0 Armour
 + Level 6.2 Dodging
   Level 6.3 Shields
 + Level 7.4 Invocations


You had 10 spell levels left.
You didn't know any spells.
Your spell library was empty.

Dungeon Overview and Level Annotations

Branches:
Dungeon (13/15)            Temple (1/1) D:7            Lair (0/6) D:9
    Orc (0/2) D:10
 Vaults: D:13-14

Altars:
Ashenzari
Cheibriados
Dithmenos
Elyvilon
Fedhas
Gozag
Hepliaklqana
Kikubaaqudgha
Makhleb
Nemelex Xobeh
Okawaru
Qazlal
Sif Muna
Uskayaw
Vehumet
Xom
Yredelemnul
Zin
The Shining One

Shops:
D:8 *

Annotations:
D:5 exclusion: door


Innate Abilities, Weirdness & Mutations

You are resistant to damage.
You can heal yourself by infusing magical energy.
You passively map the area around you.
You do not regenerate.


Message History

You slash the white ugly thing!
The white ugly thing is lightly wounded.
The white ugly thing pecks you! The white ugly thing freezes you!!
You closely miss the white ugly thing.
The white ugly thing is lightly wounded.
The white ugly thing pecks you but does no damage.
A cyclops comes into view.
You closely miss the white ugly thing.
The white ugly thing is lightly wounded.
The cyclops shouts!
The white ugly thing pecks you but does no damage.
You hit the white ugly thing.
The white ugly thing is lightly wounded.
The white ugly thing closely misses you.
The cyclops throws a large rock.
The large rock hits you!!
* * * LOW HITPOINT WARNING * * *
A demon appears!
The white ugly thing pecks you but does no damage.
The cyclops throws a large rock.
The large rock hits you!
You die...

, , #.# #.# * ,
#.###.# , ,
#.....# * * * *
######.....# ,
,, ...........#
, ,
*#####...##.# ,
,
..######...##.#
,,
.....4........#
, ,,
.......@......#
,
,......u.......#
,,
.........####.#
, *#........# .#
, #........# * #
, * #........# *
,,.........C *
########## *


You could see a white ugly thing, a cyclops and a friendly hellwing (summoned).

Vanquished Creatures
  A two-headed ogre (D:11)
  An unseen horror (D:10)
  A manticore (D:11)
  2 cyclopes
  An ugly thing (D:11)
  2 trolls (D:12)
  4 hippogriffs
  A slime creature (D:12)
  A wyvern (D:10)
  Sigmund (D:2)
  3 wraiths (D:12)
  A shadow (D:12)
  A vampire (D:11)
  6 yaks (D:9)
  2 vampire mosquitoes (D:12)
  A warg (D:10)
  A water moccasin (D:7)
  9 orc warriors
  4 phantoms
  An ice beast (D:7)
  3 sky beasts
  4 ogres
  A black bear (D:12)
  7 centaurs
  2 crocodiles
  2 big kobolds
  2 gnoll sergeants
  A wyvern zombie (D:12)
  2 bullfrogs
  13 killer bees
  3 scorpions
  7 wights
  An electric eel (D:8)
  A howler monkey (D:7)
  A jelly (D:7)
  A lava snake (D:8)
  4 centaur zombies
  A bullfrog skeleton (D:12)
  9 hounds
  7 orc priests
  11 orc wizards
  An iguana (D:9)
  6 worker ants
  2 hound skeletons (D:8)
  12 gnolls
  A howler monkey skeleton (D:4)
  5 adders
  2 shadow imps
  2 white imps
  An ufetubus (D:7)
  An ooze (D:7)
  An adder zombie (D:9)
  3 adder skeletons
  2 dart slugs (D:1)
  2 leopard geckos
  46 orcs
  5 giant cockroaches
  5 goblins
  3 hobgoblins
  11 jackals
  4 quokkas
  4 ball pythons
  A bat (D:3)
  A frilled lizard (D:5)
  10 kobolds
  A leopard gecko skeleton (D:7)
  A leopard gecko zombie (D:3)
  2 quokka zombies
  2 rats (D:1)
264 creatures vanquished.

Vanquished Creatures (collateral kills)
  A death knight (D:12)
  2 skeletal warriors (D:12)
  5 slime creatures (D:12)
  2 vampire mosquitoes (D:12)
  A bullfrog (D:12)
  An orc (D:12)
12 creatures vanquished.

Grand Total: 276 creatures vanquished

Notes
Turn   | Place    | Note
-------+----------+-------------------------------------------
     0 | D:1      | Flugslaktarn the Deep Dwarf Fighter began the quest for the
                  | Orb.
     0 | D:1      | Reached XP level 1. HP: 20/20 MP: 1/1
   117 | D:1      | Reached XP level 2. HP: 22/27 MP: 2/2
   221 | D:2      | Noticed Sigmund
   251 | D:2      | Killed Sigmund
   251 | D:2      | Reached skill level 3 in Axes
   251 | D:2      | Reached XP level 3. HP: 36/36 MP: 3/3
   251 | D:2      | Reached XP level 4. HP: 44/44 MP: 4/4
   251 | D:2      | Reached XP level 5. HP: 50/50 MP: 5/5
   443 | D:3      | Reached skill level 4 in Axes
   534 | D:3      | You fall into a shaft and drop 2 floors!
   534 | D:5      | Entered Level 5 of the Dungeon
   915 | D:5      | Found a hide-covered altar of Uskayaw.
  1240 | D:5      | Found a shimmering blue altar of Sif Muna.
  1378 | D:4      | Noticed a hippogriff
  1401 | D:4      | Killed a hippogriff
  1401 | D:4      | Reached XP level 6. HP: 50/58 MP: 5/5
  1464 | D:4      | Reached skill level 5 in Axes
  1530 | D:4      | Reached XP level 7. HP: 50/66 MP: 5/5
  1963 | D:6      | Found a white marble altar of Elyvilon.
  1998 | D:6      | Reached skill level 5 in Fighting
  2003 | D:6      | Reached skill level 5 in Armour
  2003 | D:6      | Reached skill level 5 in Shields
  2638 | D:7      | Reached skill level 6 in Axes
  2683 | D:7      | Reached XP level 8. HP: 44/75 MP: 5/5
  2898 | D:7      | Reached skill level 7 in Axes
  3218 | D:7      | Found a staircase to the Ecumenical Temple.
  3222 | D:7      | Gained mutation: You passively map the area around you.
                  | [Deep Dwarf growth]
  3222 | D:7      | Reached XP level 9. HP: 55/85 MP: 5/5
  3247 | D:7      | Reached skill level 8 in Axes
  3402 | Temple   | Entered the Ecumenical Temple
  3553 | Temple   | Became a worshipper of Makhleb the Destroyer
  3870 | D:8      | Reached skill level 1 in Invocations
  3888 | D:8      | Reached skill level 1 in Dodging
  3902 | D:8      | Found Aips's Alliterative Accessories.
  4499 | D:9      | Reached * piety under Makhleb
  4623 | D:9      | Found a shimmering altar of Xom.
  4623 | D:9      | Found a blossoming altar of Fedhas.
  4688 | D:9      | Reached skill level 9 in Axes
  4702 | D:9      | Reached XP level 10. HP: 34/96 MP: 6/6
  4870 | D:9      | Found a basalt altar of Yredelemnul.
  5092 | D:9      | Found a staircase to the Lair.
  5110 | D:10     | Entered Level 10 of the Dungeon
  5402 | D:10     | Reached ** piety under Makhleb
  5560 | D:10     | Found a staircase to the Orcish Mines.
  5625 | D:10     | Killed an unseen horror
  5678 | D:10     | Reached skill level 10 in Axes
  6153 | D:11     | Noticed a cyclops
  6163 | D:11     | Killed a cyclops
  6163 | D:11     | Reached skill level 5 in Invocations
  6224 | D:11     | Noticed a two-headed ogre
  6248 | D:11     | Killed a two-headed ogre
  6373 | D:11     | Reached XP level 11. HP: 63/106 MP: 6/6
  6383 | D:11     | Noticed a purple ugly thing
  6407 | D:11     | Killed a purple ugly thing
  6448 | D:11     | Reached *** piety under Makhleb
  6607 | D:11     | Reached skill level 5 in Dodging
  6739 | D:11     | Found a shimmering altar of Xom.
  7135 | D:12     | Reached skill level 11 in Axes
  7239 | D:12     | Noticed a skeletal warrior
  7267 | D:12     | Killed a skeletal warrior
  7270 | D:12     | Noticed a skeletal warrior
  7275 | D:12     | Noticed a death knight
  7346 | D:12     | Killed a death knight
  7346 | D:12     | Reached skill level 10 in Fighting
  7352 | D:12     | Killed a skeletal warrior
  7902 | D:13     | Noticed a white ugly thing
  7910 | D:13     | Hit by a large rock thrown by a cyclops

Illustrated notes

Levels and vault maps discovered:
D:1:      eino_arrival_cavern_a, layout_loops_ring
D:2:      layout_basic, lemuel_doored_altar,
          nicolae_ru_great_annihilating_truth, chequers_ecumenical_altar_simple,
          uniq_sigmund
D:3:      layout_basic, old_standard_altar, serial_undead, serial_undead_b,
          serial_undead_b, serial_undead_c, serial_undead_e
D:4:      layout_cave_pools, serial_park, serial_park_tiny_1,
          serial_park_tiny_pond, serial_park_square1
          [serial_park_minivault_5x5_8], serial_park_square2
D:5:      layout_layer_cave, eat_drink_and_be_merry_uskayaw, led_sif_book,
          saegor_snake_ambush
D:6:      layout_basic, lemuel_crystal_altar
D:7:      layout_gridville, minmay_temple_entry_butterflies,
          chequers_serial_rivers_small_b
D:8:      layout_basic, nicolae_lava_and_water, nicolae_alphabet_shops
D:9:      layout_loops_cross, old_standard_altar,
          gammafunk_temple_overflow_wave, lair_entry_dummy
D:10:     layout_loops_ring, david_orc_1_choice
D:11:     layout_roguey, tgw_xom
D:12:     layout_irregular_city
D:13:     layout_stronghold, gammafunk_ghost_berserking_beasts, uniq_sonja,
          uniq_erolcha, uniq_urug
Temple:   dshaligram_water_room_temple

Skill      XL: |  1  2  3  4  5  6  7  8  9 10 11 |
---------------+----------------------------------+-----
Fighting       | 3 4 5 6 8 9 10 | 10.3
Axes           | 3 4 5 6 7 9 10 11 | 11.8
Armour         | 4 5 6 7 8 9 |  9.0
Shields        | 4 5 6 |  6.3
Invocations    | 3 5 7 |  7.4
Dodging        | 2 4 6 |  6.2

Action                   |  1- 3 |  4- 6 |  7- 9 | 10-12 || total
-------------------------+-------+-------+-------+-------++-------
Melee: War axe           |    46 |   113 |   440 |   608 ||  1207
Invok: Lesser Servant of |       |       |       |     9 ||     9
 Abil: Heal Wounds       |     3 |     6 |    13 |    31 ||    53
  Use: Scroll            |       |       |    11 |     8 ||    19
       Potion            |       |       |     5 |     1 ||     6
Armor: Scale mail        |    12 |    66 |    12 |       ||    90
       Chain mail        |       |       |    68 |       ||    68
       Plate armour      |       |       |   192 |   404 ||   596
Dodge: Dodged            |    20 |    28 |    91 |   282 ||   421
Block: Kite shield       |    12 |    74 |   272 |    91 ||   449

Table legend: (Time is in decaauts)
 A = Elapsed time spent in this place.
 B = Non-inter-level travel time spent in this place.
 C = Inter-level travel time spent in this place.
 D = Time resting spent in this place.
 E = Time spent auto-exploring this place.
 F = Levels seen in this place.
 G = Mean time per level.
                   A        B        C        D        E       F      G
               +--------+--------+--------+--------+--------+-----+--------+
         Total |   8101 |   7569 |    532 |      0 |   5356 |  14 |  578.6 |
       Dungeon |   7929 |   7458 |    471 |      0 |   5247 |  13 |  609.9 |
        Temple |    171 |    111 |     60 |      0 |    109 |   1 |  171.0 |
               +--------+--------+--------+--------+--------+-----+--------+

Top non-repeatable levels by time:
     D:7: 972 daAuts
    D:12: 961 daAuts
    D:10: 931 daAuts
     D:5: 877 daAuts
     D:8: 827 daAuts
     D:9: 779 daAuts
    D:11: 761 daAuts
     D:6: 682 daAuts
     D:4: 497 daAuts
     D:3: 248 daAuts
     D:1: 233 daAuts
  Temple: 171 daAuts
     D:2: 87 daAuts
    D:13: 70 daAuts
